PAA
ITHACA FIGHTING IMPS @ FT. POLK SOUTH THUNDER HAWKS
07/02/2042
 
TOP OF THE 1ST
Ithaca Fighting Imps batting - Pitching for Ft. Polk South Thunder Hawks : LHP António Morterero
Pitching: LHP António Morterero
Batting: RHB Daryl Pethick 0-0: Ball
1-0: Ball
2-0: Foul Ball, location: 2F
2-1: Called Strike
2-2: Ball
3-2: Foul Ball, location: 2F
3-2: Fly out, F4 (Flyball, 3D, EV 98.1 MPH)
Batting: RHB Everett Garland 0-0: Ball
1-0: Foul Ball, location: 2F
1-1: Foul Ball, location: 2F
1-2: Ball
2-2: Foul Ball, location: 2F
2-2: DOUBLE (Groundball, 3L, EV 104.4 MPH)
Batting: SHB Paul Wood 0-0: Ball
1-0: Foul Ball, location: 2F
1-1: Foul Ball, location: 2F
1-2: Ball
2-2: Ball
3-2: Base on Balls
Batting: RHB Aloysius Szymanski 0-0: Foul Ball, location: 2F
0-1: Ball
1-1: Ball
2-1: Ball
3-1: Grounds into double play, 1-6-3 (Groundball, 13S, EV 62.5 MPH)
Top of the 1st over - 0 runs, 1 hit, 0 errors, 1 left on base; Ithaca 0 - Ft. Polk South 0
BOTTOM OF THE 1ST
Ft. Polk South Thunder Hawks batting - Pitching for Ithaca Fighting Imps : RHP Surya Prawiranega
Pitching: RHP Surya Prawiranega
Batting: SHB Francisco Daulong 0-0: Ball
1-0: Swinging Strike
1-1: Ball
2-1: Ball
3-1: Foul Ball, location: 2F
3-2: SINGLE (Groundball, 34D, EV 108.1 MPH)
Batting: LHB Gabriel Obregón 0-0: Ball
1-0: Called Strike
1-1: Foul Ball, location: 2F
1-2: Ball
2-2: SINGLE (Flyball, 9S, EV 83.8 MPH)
Francisco Daulong to second
Runner from 2nd tries for 3rd, SAFE, throw by RF made to third
Batting: LHB Remco Mastenbroek 0-0: Ball
1-0: Swinging Strike
1-1: Ball
2-1: Fielders Choice at 2nd, 6-4 (Groundball, 6, EV 86.2 MPH)
Francisco Daulong scores
Batting: LHB Jorge Agramunt 0-0: Ball
1-0: Foul Ball, location: 2F
1-1: Ball
2-1: Foul Ball, location: 2F
2-2: Ball
3-2: Fly out, F7 (Flyball, 7LD, EV 86.9 MPH)
Batting: RHB Aubrey Miller 0-0: Foul Ball, location: 2F
0-1: Ball
1-1: Ball
2-1: Foul Ball, location: 2F
2-2: Foul Ball, location: 2F
2-2: Foul Ball, location: 2F
2-2: Fly out, F9 (Flyball, 9D, EV 107.5 MPH)
Bottom of the 1st over - 1 run, 2 hits, 0 errors, 1 left on base; Ithaca 0 - Ft. Polk South 1
TOP OF THE 2ND
Ithaca Fighting Imps batting - Pitching for Ft. Polk South Thunder Hawks : LHP António Morterero
Batting: RHB J.J. Holmes 0-0: Foul Ball, location: 2F
0-1: Ball
1-1: Called Strike
1-2: Strikes out swinging
Batting: SHB Claude Long 0-0: Ball
1-0: Fly out, F9 (Line Drive, 9D, EV 98.8 MPH)
Batting: RHB Carlos Valle 0-0: Called Strike
0-1: Called Strike
0-2: Ground out 6-3 (Groundball, 6, EV 106.2 MPH)
Top of the 2nd over - 0 runs, 0 hits, 0 errors, 0 left on base; Ithaca 0 - Ft. Polk South 1
BOTTOM OF THE 2ND
Ft. Polk South Thunder Hawks batting - Pitching for Ithaca Fighting Imps : RHP Surya Prawiranega
Batting: LHB Tim Carson 0-0: Called Strike
0-1: Foul Ball, location: 2F
0-2: Strikes out swinging
Batting: RHB Dermott Mann 0-0: Ball
1-0: Foul Ball, location: 2F
1-1: SOLO HOME RUN (Flyball, 78XD, EV 101.2 MPH), Distance : 390 ft
Batting: RHB Raúl Colomo 0-0: Ball
1-0: SINGLE (Line Drive, 89S, EV 108.8 MPH)
Batting: RHB Kamaaluddeen Kohli 0-0: Ball
1-0: Fly out, F7 (Flyball, 78S, EV 86.2 MPH)
Batting: SHB Francisco Daulong 0-0: Ball
1-0: Ball
2-0: Foul Ball, location: 2F
2-1: Called Strike
2-2: SINGLE (Groundball, 4D, EV 100.0 MPH)
Raúl Colomo to second
Runner from 2nd tries for 3rd, SAFE, throw by CF made to third
Batting: LHB Gabriel Obregón 0-0: Fly out, F9 (Line Drive, 9, EV 90.0 MPH)
Bottom of the 2nd over - 1 run, 3 hits, 0 errors, 2 left on base; Ithaca 0 - Ft. Polk South 2
TOP OF THE 3RD
Ithaca Fighting Imps batting - Pitching for Ft. Polk South Thunder Hawks : LHP António Morterero
Batting: RHB Pedro Costa 0-0: Ball
1-0: Called Strike
1-1: Called Strike
1-2: Ground out 5-3 (Groundball, 56, EV 84.4 MPH)
Batting: LHB Jimmy Wilcox 0-0: Ball
1-0: Foul Ball, location: 2F
1-1: Foul Ball, location: 2F
1-2: Foul Ball, location: 2F
1-2: Ball
2-2: Ball
3-2: Foul Ball, location: 2F
3-2: Ground out 6-3 (Groundball, 6, EV 84.4 MPH)
Batting: RHB Daryl Pethick 0-0: Swinging Strike
0-1: Ball
1-1: Foul Ball, location: 2F
1-2: Foul Ball, location: 2F
1-2: Foul Ball, location: 2F
1-2: Strikes out looking
Top of the 3rd over - 0 runs, 0 hits, 0 errors, 0 left on base; Ithaca 0 - Ft. Polk South 2
BOTTOM OF THE 3RD
Ft. Polk South Thunder Hawks batting - Pitching for Ithaca Fighting Imps : RHP Surya Prawiranega
Batting: LHB Remco Mastenbroek 0-0: Ball
1-0: Ball
2-0: Swinging Strike
2-1: SINGLE (Groundball, 4D, EV 96.2 MPH)
Batting: LHB Jorge Agramunt 0-0: Ball
Wild Pitch!
Remco Mastenbroek to second
1-0: Swinging Strike
1-1: Foul Ball, location: 2F
1-2: Ball
2-2: Ball
3-2: DOUBLE (Line Drive, 89XD, EV 102.5 MPH)
Remco Mastenbroek scores
Batting: RHB Aubrey Miller 0-0: Foul Ball, location: 2F
0-1: Swinging Strike
0-2: Ball
1-2: Ball
2-2: Foul Ball, location: 2F
2-2: Ball
3-2: Base on Balls
Batting: LHB Tim Carson 0-0: Ball
1-0: Ball
2-0: Called Strike
2-1: SINGLE (Line Drive, 9LS, EV 103.8 MPH)
Jorge Agramunt to third
Aubrey Miller to second
Runner from 3rd tries for Home, SAFE, throw by RF to home
Batting: RHB Dermott Mann 0-0: Fly out, F8 (Flyball, 8RM, EV 90.6 MPH)
Batting: RHB Raúl Colomo 0-0: Ball
1-0: Grounds into double play, 4-6-3 (Groundball, 4, EV 85.0 MPH)
Bottom of the 3rd over - 2 runs, 3 hits, 0 errors, 1 left on base; Ithaca 0 - Ft. Polk South 4
TOP OF THE 4TH
Ithaca Fighting Imps batting - Pitching for Ft. Polk South Thunder Hawks : LHP António Morterero
Batting: RHB Everett Garland 0-0: Ball
1-0: Ball
2-0: Ball
3-0: Base on Balls
Batting: SHB Paul Wood 0-0: Foul Ball, location: 2F
0-1: Ball
1-1: Reached on error, E5 (Groundball, 5, EV 83.8 MPH)
Everett Garland to second
Batting: RHB Aloysius Szymanski 0-0: Called Strike
0-1: Swinging Strike
0-2: Ball
1-2: Ball
2-2: Ball
3-2: Base on Balls
Everett Garland to third
Paul Wood to second
Batting: RHB J.J. Holmes 0-0: Called Strike
0-1: SINGLE (Line Drive, 9LS, EV 106.2 MPH)
Everett Garland scores
Paul Wood to third
Aloysius Szymanski to second
Batting: SHB Claude Long 0-0: Called Strike
0-1: Ball
1-1: Ball
2-1: Reached on error, E3 (Groundball, 34S, EV 76.2 MPH)
Paul Wood scores
Aloysius Szymanski to third
J.J. Holmes to second
Batting: RHB Carlos Valle 0-0: Foul Ball, location: 2F
0-1: Swinging Strike
0-2: Ball
1-2: Ball
2-2: Strikes out swinging
Batting: RHB Pedro Costa 0-0: Ball
1-0: Ball
2-0: Fly out, F4 (Line Drive, 4, EV 67.5 MPH)
Batting: LHB Jimmy Wilcox 0-0: Ground out 4-3 (Groundball, 4, EV 88.8 MPH)
Top of the 4th over - 2 runs, 1 hit, 2 errors, 3 left on base; Ithaca 2 - Ft. Polk South 4
BOTTOM OF THE 4TH
Ft. Polk South Thunder Hawks batting - Pitching for Ithaca Fighting Imps : RHP Surya Prawiranega
Batting: RHB Kamaaluddeen Kohli 0-0: Ball
1-0: Ball
2-0: Swinging Strike
2-1: Ball
3-1: Base on Balls
Batting: SHB Francisco Daulong 0-0: Called Strike
0-1: Fly out, F9 (Flyball, 9S, EV 90.0 MPH)
Batting: LHB Gabriel Obregón 0-0: Ball
1-0: Fielders Choice at 2nd, 6-4 (Groundball, 6, EV 79.4 MPH)
Batting: LHB Remco Mastenbroek 0-0: Ball
1-0: Called Strike
1-1: Ball
Gabriel Obregón is caught stealing 2nd base 2-6
Bottom of the 4th over - 0 runs, 0 hits, 0 errors, 0 left on base; Ithaca 2 - Ft. Polk South 4
TOP OF THE 5TH
Ithaca Fighting Imps batting - Pitching for Ft. Polk South Thunder Hawks : LHP António Morterero
Batting: RHB Daryl Pethick 0-0: Ball
1-0: Called Strike
1-1: Fly out, F8 (Flyball, 8LM, EV 74.4 MPH)
Pitching: RHP Mark Brunswick
Batting: RHB Everett Garland 0-0: SINGLE (Line Drive, 8RS, EV 100.6 MPH)
Batting: SHB Paul Wood 0-0: Fielders Choice at 2nd, 4-6 (Groundball, 34, EV 86.2 MPH)
Batting: RHB Aloysius Szymanski 0-0: Ball
1-0: Fly out, F8 (Flyball, 8RD, EV 97.5 MPH)
Top of the 5th over - 0 runs, 1 hit, 0 errors, 1 left on base; Ithaca 2 - Ft. Polk South 4
BOTTOM OF THE 5TH
Ft. Polk South Thunder Hawks batting - Pitching for Ithaca Fighting Imps : RHP Surya Prawiranega
Batting: LHB Remco Mastenbroek 0-0: Foul Ball, location: 2F
0-1: Foul Ball, location: 2F
0-2: Ball
1-2: Foul Ball, location: 2F
1-2: SOLO HOME RUN (Flyball, 78XD, EV 96.2 MPH), Distance : 393 ft
Pitching: RHP Alberto Cruz
Batting: LHB Jorge Agramunt 0-0: Ball
1-0: Called Strike
1-1: Foul Ball, location: 2F
1-2: Ball
2-2: SINGLE (Groundball, 6D, EV 93.8 MPH)
Batting: RHB Aubrey Miller 0-0: Ball
Jorge Agramunt steals 2nd base
1-0: Ball
2-0: 2-RUN HOME RUN (Flyball, 78XD, EV 108.1 MPH), Distance : 400 ft
Batting: LHB Tim Carson 0-0: Foul Ball, location: 2F
0-1: Foul Ball, location: 2F
0-2: Fly out, F7 (Flyball, 78D, EV 83.1 MPH)
Batting: RHB Dermott Mann 0-0: SINGLE (Popup, 3D, EV 55.0 MPH)
Batting: RHB Raúl Colomo 0-0: SINGLE (Line Drive, 9LM, EV 100.6 MPH)
Dermott Mann to second
Batting: RHB Kamaaluddeen Kohli 0-0: Ball
1-0: SINGLE (Groundball, 5D, EV 98.8 MPH)
Dermott Mann to third
Raúl Colomo to second
Runner from 3rd tries for Home, SAFE, no throw by LF
Batting: SHB Francisco Daulong 0-0: Ball
1-0: Ball
2-0: SINGLE (Line Drive, 5D, EV 96.9 MPH)
Raúl Colomo to third
Kamaaluddeen Kohli to second
Runner from 3rd tries for Home, SAFE, no throw by LF
Pitching: RHP Jesús Solís
Batting: LHB Gabriel Obregón 0-0: Called Strike
0-1: Ball
1-1: Fielders Choice at 2nd, 3-6 (Groundball, 34, EV 86.9 MPH)
Kamaaluddeen Kohli to third
Batting: LHB Remco Mastenbroek 0-0: Ball
1-0: Ball
2-0: Fly out, F7 (Flyball, 7S, EV 88.1 MPH)
Bottom of the 5th over - 5 runs, 7 hits, 0 errors, 2 left on base; Ithaca 2 - Ft. Polk South 9
TOP OF THE 6TH
Ithaca Fighting Imps batting - Pitching for Ft. Polk South Thunder Hawks : RHP Mark Brunswick
Batting: RHB J.J. Holmes 0-0: Ball
1-0: Foul Ball, location: 2F
1-1: Called Strike
1-2: Strikes out swinging
Batting: SHB Claude Long 0-0: Ball
1-0: Swinging Strike
1-1: Called Strike
1-2: Ball
2-2: Fly out, F7 (Flyball, 78M, EV 85.6 MPH)
Batting: RHB Carlos Valle 0-0: Ball
1-0: Ball
2-0: Foul Ball, location: 2F
2-1: DOUBLE (Flyball, 89D, EV 105.6 MPH)
Batting: RHB Pedro Costa 0-0: Called Strike
0-1: Ground out 4-3 (Groundball, 4M, EV 89.4 MPH)
Top of the 6th over - 0 runs, 1 hit, 0 errors, 1 left on base; Ithaca 2 - Ft. Polk South 9
BOTTOM OF THE 6TH
Ft. Polk South Thunder Hawks batting - Pitching for Ithaca Fighting Imps : RHP Jesús Solís
Batting: LHB Jorge Agramunt 0-0: Fly out, F7 (Flyball, 7LSF, EV 86.2 MPH)
Batting: RHB Aubrey Miller 0-0: Ball
1-0: Ball
2-0: Called Strike
2-1: Ball
3-1: Base on Balls
Batting: LHB Tim Carson 0-0: Called Strike
0-1: Foul Ball, location: 2F
0-2: Ball
1-2: Strikes out swinging
Batting: RHB Dermott Mann 0-0: DOUBLE (Line Drive, 9LS, EV 112.5 MPH)
Aubrey Miller to third
Batting: RHB Raúl Colomo 0-0: Called Strike
0-1: Ball
1-1: Foul Ball, location: 2F
1-2: Ball
2-2: Ball
3-2: Base on Balls
Batting: RHB Kamaaluddeen Kohli 0-0: Fly out, F8 (Flyball, 89M, EV 88.8 MPH)
Bottom of the 6th over - 0 runs, 1 hit, 0 errors, 3 left on base; Ithaca 2 - Ft. Polk South 9
TOP OF THE 7TH
Ithaca Fighting Imps batting - Pitching for Ft. Polk South Thunder Hawks : RHP Mark Brunswick
Batting: LHB Jimmy Wilcox 0-0: Ball
1-0: Called Strike
1-1: Fly out, F5 (Popup, 56, EV 56.9 MPH)
Pinch Hitting: RHB Ted Norman 0-0: Fly out, F4 (Line Drive, 4, EV 61.9 MPH)
Pinch Hitting: SHB Borisav Aleksic 0-0: Ball
1-0: Foul Ball, location: 2F
1-1: Ball
2-1: Called Strike
2-2: Foul Ball, location: 2F
2-2: Ball
3-2: Foul Ball, location: 2F
3-2: SOLO HOME RUN (Flyball, 9LD, EV 90.0 MPH), Distance : 334 ft
Batting: SHB Paul Wood 0-0: Ball
1-0: Called Strike
1-1: Ground out 5-3 (Groundball, 5, EV 109.4 MPH)
Top of the 7th over - 1 run, 1 hit, 0 errors, 0 left on base; Ithaca 3 - Ft. Polk South 9
BOTTOM OF THE 7TH
Ft. Polk South Thunder Hawks batting - Pitching for Ithaca Fighting Imps : RHP Jesús Solís
Now at 2B: Borisav Aleksic
Now in CF: Ted Norman
Batting: SHB Francisco Daulong 0-0: Foul Ball, location: 2F
0-1: Ball
1-1: Ball
2-1: Ball
3-1: Swinging Strike
3-2: SINGLE (Groundball, 34S, EV 66.2 MPH) (infield hit)
Batting: LHB Gabriel Obregón 0-0: Called Strike
0-1: Swinging Strike
0-2: Ball
1-2: Ball
2-2: SINGLE (Groundball, 4MD, EV 95.6 MPH)
Francisco Daulong to second
Batting: LHB Remco Mastenbroek 0-0: Called Strike
0-1: Ball
1-1: 3-RUN HOME RUN (Flyball, 9LD, EV 95.0 MPH), Distance : 356 ft
Batting: LHB Jorge Agramunt 0-0: Fly out, F7 (Flyball, 7, EV 95.0 MPH)
Batting: RHB Aubrey Miller 0-0: Called Strike
0-1: Foul Ball, location: 2F
0-2: Ball
1-2: Strikes out swinging
Batting: LHB Tim Carson 0-0: Ball
1-0: Ball
2-0: Ball
3-0: Base on Balls
Batting: RHB Dermott Mann 0-0: SINGLE (Line Drive, 5D, EV 98.8 MPH)
Tim Carson to second
Pinch Hitting: RHB Olkhovsky Gennadiyevich 0-0: Ball
1-0: Called Strike
1-1: Fly out, F8 (Flyball, 89M, EV 85.0 MPH)
Bottom of the 7th over - 3 runs, 4 hits, 0 errors, 2 left on base; Ithaca 3 - Ft. Polk South 12
TOP OF THE 8TH
Ithaca Fighting Imps batting - Pitching for Ft. Polk South Thunder Hawks : RHP Mark Brunswick
Now at 2B: Olkhovsky Gennadiyevich
Pinch Hitting: RHB António Gómez 0-0: Swinging Strike
0-1: Ball
1-1: Swinging Strike
1-2: Strikes out swinging
Pinch Hitting: RHB Bob Sims 0-0: Foul Ball, location: 2F
0-1: Called Strike
0-2: Strikes out looking
Batting: SHB Claude Long 0-0: Called Strike
0-1: Ball
1-1: SINGLE (Line Drive, 8LS, EV 113.1 MPH)
Pinch Hitting: LHB Robbie Care 0-0: Ball
1-0: Called Strike
1-1: SINGLE (Flyball, 9LM, EV 95.0 MPH)
Claude Long to second
Batting: RHB Pedro Costa 0-0: Fielders Choice at 2nd, 6-4 (Groundball, 6, EV 96.9 MPH)
Top of the 8th over - 0 runs, 2 hits, 0 errors, 2 left on base; Ithaca 3 - Ft. Polk South 12
BOTTOM OF THE 8TH
Ft. Polk South Thunder Hawks batting - Pitching for Ithaca Fighting Imps : RHP Jesús Solís
Now at 1B: António Gómez
Now at 3B: Bob Sims
Now in RF: Robbie Care
Pinch Hitting: RHB Madhavacharta Bhavalakar 0-0: Ball
1-0: Ball
2-0: Ground out 5-3 (Groundball, 5L, EV 90.0 MPH)
Batting: SHB Francisco Daulong 0-0: Ball
1-0: Foul Ball, location: 2F
1-1: Ball
2-1: Foul Ball, location: 2F
2-2: SINGLE (Groundball, 4, EV 81.9 MPH) (infield hit)
Batting: LHB Gabriel Obregón 0-0: Ball
1-0: Ball
Wild Pitch!
Francisco Daulong to second
2-0: SINGLE (Groundball, 34D, EV 102.5 MPH)
Francisco Daulong to third
Runner from 3rd tries for Home, SAFE, throw by RF to home
Pitching: RHP Moriz Gaidamakin
Batting: LHB Remco Mastenbroek 0-0: Ball
1-0: Ball
2-0: Foul Ball, location: 2F
2-1: Fly out, F8 (Line Drive, 8LD, EV 91.9 MPH)
Batting: LHB Jorge Agramunt 0-0: Foul Ball, location: 2F
0-1: Called Strike
0-2: Ball
1-2: Ball
2-2: Ball
3-2: Foul Ball, location: 2F
3-2: Base on Balls
Gabriel Obregón to second
Batting: RHB Aubrey Miller 0-0: Called Strike
0-1: Swinging Strike
0-2: Strikes out swinging
Bottom of the 8th over - 1 run, 2 hits, 0 errors, 2 left on base; Ithaca 3 - Ft. Polk South 13
TOP OF THE 9TH
Ithaca Fighting Imps batting - Pitching for Ft. Polk South Thunder Hawks : RHP Mark Brunswick
Now at 3B: Madhavacharta Bhavalakar
Batting: LHB Jimmy Wilcox 0-0: Ball
1-0: Ball
2-0: SINGLE (Groundball, 6D, EV 99.4 MPH)
Pitching: RHP Sean Kennedy
Batting: RHB Ted Norman 0-0: Foul Ball, location: 2F
0-1: Ball
1-1: Called Strike
1-2: Ball
2-2: Foul Ball, location: 2F
2-2: Strikes out swinging
Batting: SHB Borisav Aleksic 0-0: Ball
1-0: Ball
2-0: Foul Ball, location: 2F
2-1: Called Strike
2-2: Foul Ball, location: 2F
2-2: Ball
3-2: Base on Balls
Jimmy Wilcox to second
Pinch Hitting: LHB Donald McJannett 0-0: Ball
1-0: Foul Ball, location: 2F
1-1: Called Strike
1-2: Strikes out swinging
Batting: RHB António Gómez 0-0: Ball
1-0: Swinging Strike
1-1: Called Strike
1-2: Strikes out looking
Top of the 9th over - 0 runs, 1 hit, 0 errors, 2 left on base; Ithaca 3 - Ft. Polk South 13
Friday, March 26th, 2021 - OOTP Baseball 20.8 Build 74